 Dungeon Crawl Stone Soup version 0.30-a0-722-g3e6e8c874d (webtiles) character file.

Game seed: 8237815587539669519

406 PyroL the Ruffian (level 6, -4/63 HPs)
             Began as a Troll Fighter on Jan 28, 2023.
             Killed from afar by an orc wizard (5 damage)
             ... with a magic dart
             ... on level 5 of the Dungeon.
             The game lasted 00:04:26 (3690 turns).

PyroL the Ruffian (Troll Fighter)                   Turns: 3690, Time: 00:04:27

Health: -4/63      AC:  4    Str: 31    XL:     6   Next: 56%
Magic:  5/5        EV:  8    Int:  3    God:
Gold:   181        SH:  7    Dex: 10    Spells: 5/5 levels left

rFire   . . .      SeeInvis .      - Unarmed
rCold   . . .      Faith    .    b - +0 kite shield
rNeg    . . .      Spirit   .    a - +0 robe
rPois   .          Reflect  .    (helmet restricted)
rElec   .          Harm     .    (no cloak)
rCorr   .          Rampage  .    (gloves unavailable)
Will    .....                    (boots unavailable)
Stlth   ++                       (no amulet)
HPRegen 1.10/turn                (no ring)
MPRegen 0.09/turn                (no ring)

@: mighty, brilliant
A: large, unfitting armour, claws 3, regeneration 1, shaggy fur 1, tough skin 1,
thin skeletal structure 1, strong 1
a: no special abilities


You were on level 5 of the Dungeon.
You visited 1 branch of the dungeon, and saw 5 of its levels.

You collected 181 gold pieces.

Inventory:

Missiles
 r - 2 poisoned darts (quivered)
 s - 6 silver javelins
Armour
 a - a +0 robe (worn)
 b - a +0 kite shield (worn)
Wands
 q - a wand of light (10)
Scrolls
 d - a scroll of amnesia {unknown}
 f - a scroll of silence {unknown}
 g - 3 scrolls of fear {unknown}
 h - a scroll of immolation {unknown}
 j - 2 scrolls of teleportation {unknown}
 o - 5 scrolls of identify {unknown}
 t - a scroll of poison {unknown}
Potions
 c - 2 potions of might
 i - a potion of magic
 l - a potion of curing {unknown}
 m - a potion of ambrosia {unknown}
 n - a potion of resistance {unknown}
 p - a potion of attraction {unknown}


   Skills:
 + Level 4.7 Fighting
 - Level 2.4 Dodging
 - Level 2.6 Shields
 + Level 5.2 Unarmed Combat


You had 5 spell levels left.
You didn't know any spells.
Your spell library was empty.

Dungeon Overview and Level Annotations

Branches:
Dungeon (5/15)
 Temple: D:4-7

Altars:
Dithmenos
Fedhas


Innate Abilities, Weirdness & Mutations

You are too large for most types of armour.
You have claws for hands.
Your natural rate of healing is unusually fast.
You are covered in fur. (AC +1)
You have tough skin. (AC +1)
You have a somewhat thin skeletal structure. (Dex +2, Stealth+)
Your muscles are strong. (Str +4, Int/Dex -1)


Message History

The orc hits you from afar with a +0 trident.
* * * LOW HITPOINT WARNING * * *
Something hits you.
* * * LOW HITPOINT WARNING * * *
You closely miss something.
The orc hits you from afar with a +0 trident!
* * * LOW HITPOINT WARNING * * *
Something hits you.
* * * LOW HITPOINT WARNING * * *
It was a potion of magic.
Magic courses through your body. The orc barely misses you. Something hits you.
* * * LOW HITPOINT WARNING * * *
You feel very mighty all of a sudden. The orc hits you but does no damage.
Something hits you.
* * * LOW HITPOINT WARNING * * *
You miss something.
The orc hits you from afar with a +0 trident.
* * * LOW HITPOINT WARNING * * *
Something hits you but does no damage.
You miss something.
The orc hits you from afar with a +0 trident.
* * * LOW HITPOINT WARNING * * *
Something hits you but does no damage.
You're too confused to move!
The orc hits you from afar with a +0 trident.
* * * LOW HITPOINT WARNING * * *
Something hits you.
* * * LOW HITPOINT WARNING * * *
It was a potion of brilliance.
You feel clever all of a sudden.
You feel less confused. The orc hits you but does no damage.
Something hits you.
* * * LOW HITPOINT WARNING * * *
It was a potion of mutation.
You feel extremely strange.
You feel stronger.
Your bones become slightly less dense.
The orc hits you from afar with a +0 trident.
* * * LOW HITPOINT WARNING * * *
You hear some strange, mumbled words.
A magic dart appears from out of thin air!
The magic dart hits you.
You die...

#.# ######.######
##........†<.#
##.............
#..............
#..............
##..............
...#######o............).
......†.@{oo.............
...#########.)...........
##.)...#.....#
..o..o.o###########
o......o. ##########


You could see 3 orcs.

Vanquished Creatures
  A black bear (D:5)
  A phantom (D:4)
  A jelly (D:4)
  2 orc priests
  Ijyb (D:4)
  An orc wizard (D:5)
  3 adders
  An ufetubus (D:4)
  A dart slug (D:1)
  10 orcs
  8 ball pythons
  7 endoplasms
  5 giant cockroaches
  4 goblins
  7 hobgoblins
  4 kobolds
  5 quokkas
  2 frilled lizards
  4 rats
68 creatures vanquished.

Notes
Turn   | Place    | Note
-------+----------+-------------------------------------------
     0 | D:1      | PyroL the Troll Fighter began the quest for the Orb.
     0 | D:1      | Reached XP level 1. HP: 22/22 MP: 0/0
    87 | D:1      | Reached XP level 2. HP: 29/29 MP: 1/1
  1042 | D:2      | Reached XP level 3. HP: 37/37 MP: 2/2
  1177 | D:2      | Reached skill level 3 in Unarmed Combat
  2043 | D:3      | Reached XP level 4. HP: 44/45 MP: 3/3
  2070 | D:3      | Found a blossoming altar of Fedhas.
  2370 | D:3      | HP: 1/45 [something (14)]
  2963 | D:4      | Noticed Ijyb
  2973 | D:4      | Killed Ijyb
  2974 | D:4      | Reached skill level 4 in Unarmed Combat
  2974 | D:4      | Reached XP level 5. HP: 37/54 MP: 4/4
  3112 | D:4      | Noticed a phantom
  3131 | D:4      | Killed a phantom
  3289 | D:4      | Found a shadowy altar of Dithmenos.
  3498 | D:5      | Entered Level 5 of the Dungeon
  3498 | D:5      | Noticed a black bear
  3511 | D:5      | Killed a black bear
  3512 | D:5      | Reached XP level 6. HP: 44/63 MP: 5/5
  3658 | D:5      | Reached skill level 5 in Unarmed Combat
  3690 | D:5      | Gained mutation: Your muscles are strong. (Str +4, Int/Dex
                  | -1) [potion of mutation]
  3690 | D:5      | Gained mutation: You have a somewhat thin skeletal
                  | structure. (Dex +2, Stealth+) [potion of mutation]
  3690 | D:5      | HP: 1/63 [orc/+0 trident (6)]
  3690 | D:5      | Killed from afar by an orc wizard

Illustrated notes

Levels and vault maps discovered:
D:1:      heliophobic_arrival_dark_side_of_the_moon, layout_basic
D:2:      layout_loops_corners
D:3:      layout_basic, mainiacjoe_overflow_24_doors, lemuel_flame_loot_1
D:4:      layout_basic, lemuel_round_altar, uniq_ijyb
D:5:      layout_rooms

Skill      XL: |  1  2  3  4  5  6 |
---------------+-------------------+-----
Fighting       | 3 4 |  4.7
Unarmed Combat | 3 4 5 |  5.2
Dodging        | |  2.4
Shields        | |  2.6

Action                     |  1- 3 |  4- 6 || total
---------------------------+-------+-------++-------
  Melee: Unarmed           |   118 |    94 ||   212
    Use: Potion            |       |     4 ||     4
 Armour: Robe              |    28 |    24 ||    52
  Dodge: Dodged            |    36 |    32 ||    68
  Block: Kite shield       |    54 |    34 ||    88

Table legend: (Time is in decaauts)
 A = Elapsed time spent in this place.
 B = Non-inter-level travel time spent in this place.
 C = Inter-level travel time spent in this place.
 D = Time resting spent in this place.
 E = Time spent auto-exploring this place.
 F = Levels seen in this place.
 G = Mean time per level.
                   A        B        C        D        E       F      G
               +--------+--------+--------+--------+--------+-----+--------+
         Total |   3704 |   3581 |    123 |    394 |   2662 |   5 |  740.8 |
       Dungeon |   3704 |   3581 |    123 |    394 |   2662 |   5 |  740.8 |
               +--------+--------+--------+--------+--------+-----+--------+

Top non-repeatable levels by time:
     D:3: 1135 daAuts
     D:1: 939 daAuts
     D:2: 830 daAuts
     D:4: 606 daAuts
     D:5: 193 daAuts
